 Dungeon Crawl Stone Soup version 0.27-a0-531-gb72ec1a1b6 (webtiles) character file.

Game seed: 3252109668175908829

1117 jasper the Spear-Bearer (level 8, 0/58 HPs)
             Began as a Demonspawn Delver on Mar 5, 2021.
             Was an Initiate of Qazlal.
             Slain by an orc warrior
             ... wielding a +0 trident
              (14 damage)
             ... on level 6 of the Dungeon.
             The game lasted 00:06:52 (4862 turns).

jasper the Spear-Bearer (Demonspawn Delver)         Turns: 4862, Time: 00:06:53

Health: 0/58       AC: 10    Str: 14    XL:     8   Next: 12%
Magic:  8/8        EV: 13    Int: 11    God:    Qazlal [......]
Gold:   207        SH:  0    Dex: 18    Spells: 7/7 levels left

rFire    + . .     SeeInvis .   g - +4 trident
rCold    . . .     Faith    .   (no shield)
rNeg     . . .     Spirit   .   p - +0 scale mail {rF+}
rPois    .         Reflect  .   (helmet restricted)
rElec    .         Harm     .   (no cloak)
rCorr    .         Rampage  .   (no gloves)
Will     .....                  (no boots)
Stlth    ++........             (no amulet)
HPRegen  0.19/turn              i - +4 ring of protection
MPRegen  0.11/turn              k - ring of wizardry

@: flying, repel missiles
A: horns 1, repulsion field 3, strong 1, evolution 2
a: Renounce Religion


You were on level 6 of the Dungeon.
You worshipped Qazlal.
Qazlal was noncommittal.
You visited 1 branch of the dungeon, and saw 6 of its levels.

You collected 207 gold pieces.

Inventory:

Hand Weapons
 g - a +4 trident (weapon)
 B - a +0 lajatang
Missiles
 h - 29 poisoned darts (quivered)
 o - 2 curare-tipped darts
 z - 5 boomerangs
Armour
 a - a +0 leather armour
 l - a +0 helmet
 n - a +0 ring mail
 p - a +0 scale mail of fire resistance (worn)
 y - a +0 troll leather armour {Purgy}
Jewellery
 i - a +4 ring of protection (left hand)
 k - a ring of wizardry (right hand)
Wands
 f - a wand of digging (8)
 w - a wand of flame (19)
Scrolls
 b - a scroll of fog
 c - a scroll of magic mapping
 d - a scroll of fear
 r - a scroll of teleportation {unknown}
 s - 5 scrolls of identify {unknown}
 u - a scroll of amnesia {unknown}
 x - a scroll of random uselessness {unknown}
 A - a scroll of summoning {unknown}
Potions
 e - a potion of haste
 j - 2 potions of cancellation {unknown}
 m - a potion of lignification
 q - 2 potions of flight
 t - a potion of might {unknown}
 v - a potion of invisibility {unknown}


   Skills:
 - Level 3.0 Fighting
 - Level 8.7 Polearms
 * Level 0.2(5.4) Staves
 - Level 1.7 Dodging
 - Level 4.5 Stealth
 - Level 1.7 Unarmed Combat


You had 7 spell levels left.
You didn't know any spells.
Your spell library contained the following spells:

 Spells                   Type           Power      Damage    Failure   Level
 Beastly Appendage        Tmut           0%         N/A       52%         1
 Wereblood                Tmut           0%         N/A       65%         2
 Spider Form              Tmut/Pois      0%         N/A       86%         3
 Ice Form                 Ice/Tmut       0%         N/A       99%         4
 Blade Hands              Tmut           0%         N/A       100%        5


Dungeon Overview and Level Annotations

Branches:
Dungeon (6/15)
 Temple: D:4-7

Altars:
Dithmenos
Elyvilon
Qazlal
Sif Muna
Vehumet
Wu Jian
The Shining One


Innate Abilities, Weirdness & Mutations

You are surrounded by a strong repulsion field. (EV +4, RMsl)
You have a pair of small horns on your head.
Your muscles are strong. (Str +2)
You rapidly evolve.


Message History

You are too injured to fight recklessly!
You are too injured to fight recklessly!
You puncture the quokka!
You kill the quokka!
Qazlal accepts your kill.
The orc warrior hits you from afar with a +0 trident.
You take 4 damage, and have 36/58 hp.
Reach: g) +4 trident
Press: ? - help, Dir - move target, f/p - orc warrior
Aim: an orc warrior, wielding a +0 trident and wearing a +0 chain mail (moderately wounded, about 34% to evade your +4 trident)
You reach to attack!
You barely miss the orc warrior.
The orc warrior is moderately wounded.
Reach: g) +4 trident
Press: ? - help, Dir - move target, f/p - orc warrior
Aim: an orc warrior, wielding a +0 trident and wearing a +0 chain mail (moderately wounded, about 34% to evade your +4 trident)
You reach to attack!
You closely miss the orc warrior.
The orc warrior is moderately wounded.
The orc warrior hits you but does no damage.
Reach: g) +4 trident
Press: ? - help, Dir - move target, f/p - orc warrior
Aim: an orc warrior, wielding a +0 trident and wearing a +0 chain mail (moderately wounded, about 34% to evade your +4 trident)
You reach to attack!
You closely miss the orc warrior.
The orc warrior is moderately wounded.
The orc warrior hits you from afar with a +0 trident!
You take 14 damage, and have 23/58 hp.
MASSIVE DAMAGE!!
Reach: g) +4 trident
Press: ? - help, Dir - move target, f/p - orc warrior
Aim: an orc warrior, wielding a +0 trident and wearing a +0 chain mail (moderately wounded, about 34% to evade your +4 trident)
You reach to attack!
You hit the orc warrior but do no damage.
The orc warrior is moderately wounded.
The orc warrior hits you from afar with a +0 trident!
* * * LOW HITPOINT WARNING * * *
You take 10 damage, and have 13/58 hp.
Okay, then.
It was a potion of flight.
You feel very buoyant.
You fly up into the air.
The orc warrior hits you from afar with a +0 trident!
You die...

#.#...##.....).#
#.###..#.......#
### ####..[....#
#....)..#
#.......#
#.......#
#.......#
#.......#
#..@....#
#.......#
##.o##.## ##.#
.# #)# .#
#.).....#
##......#
......# ......#


You could see an orc warrior.

Vanquished Creatures
  Eustachio (D:4)
  Purgy (D:4)
  A sky beast (D:5)
  2 ogres
  A phantom (D:5)
  The ghost of LuckyCharm the Stinger, an amateur FeVM (D:3)
  A scorpion (D:5)
  2 jellies
  An orc priest (D:5)
  A bullfrog skeleton (D:4)
  An iguana (D:4)
  A centaur skeleton (D:5)
  2 orc wizards (D:3)
  A worker ant (D:4)
  7 adders
  3 ufetubi
  An adder skeleton (D:6)
  A worm (D:2)
  3 leopard geckos
  9 orcs
  A ball python (D:2)
  7 bats
  5 giant cockroaches
  12 goblins
  10 hobgoblins
  8 jackals
  10 kobolds
  3 quokkas
  9 frilled lizards
  6 rats
112 creatures vanquished.

Notes
Turn   | Place    | Note
-------+----------+-------------------------------------------
     0 | D:5      | jasper the Demonspawn Delver began the quest for the Orb.
     0 | D:5      | Reached XP level 1. HP: 18/18 MP: 1/1
    37 | D:3      | Noticed an orc wizard
    41 | D:3      | Noticed an orc wizard
    44 | D:4      | Reached skill level 1 in Polearms
    96 | D:4      | Found a shimmering blue altar of Sif Muna.
   114 | D:4      | Gained mutation: You are surrounded by a mild repulsion
                  | field. (EV +2) [demonic ancestry]
   114 | D:4      | Reached XP level 2. HP: 21/24 MP: 2/2
   249 | D:3      | Reached skill level 2 in Polearms
   509 | D:1      | Reached XP level 3. HP: 29/29 MP: 3/3
  1051 | D:1      | Reached skill level 3 in Polearms
  1319 | D:2      | Gained mutation: You are surrounded by a moderate repulsion
                  | field. (EV +3) [demonic ancestry]
  1319 | D:2      | Reached XP level 4. HP: 35/35 MP: 4/4
  2101 | D:3      | Reached skill level 4 in Polearms
  2128 | D:3      | Reached XP level 5. HP: 19/41 MP: 5/5
  2428 | D:3      | Found a runed translucent door.
  2433 | D:3      | Noticed LuckyCharm's ghost (amateur FeVM)
  2799 | D:3      | Gained mutation: Your muscles are strong. (Str +2) [potion
                  | of mutation]
  2799 | D:3      | Gained mutation: You evolve. [potion of mutation]
  2803 | D:3      | Reached skill level 5 in Polearms
  2817 | D:3      | Killed LuckyCharm's ghost
  2818 | D:3      | Reached XP level 6. HP: 47/47 MP: 6/6
  2937 | D:4      | Gained mutation: You have a pair of small horns on your
                  | head. [evolution]
  3094 | D:4      | Reached skill level 6 in Polearms
  3123 | D:4      | Noticed Eustachio
  3157 | D:4      | Killed Eustachio
  3158 | D:4      | Reached XP level 7. HP: 25/52 MP: 7/7
  3328 | D:4      | Found a radiant altar of Vehumet.
  3393 | D:4      | Reached skill level 7 in Polearms
  3467 | D:4      | Found an ornate altar of the Wu Jian Council.
  3642 | D:4      | Noticed Purgy
  3653 | D:4      | Killed Purgy
  3834 | D:5      | Found a stormy altar of Qazlal.
  3839 | D:5      | Became a worshipper of Qazlal Stormbringer
  3853 | D:5      | Found a shadowy altar of Dithmenos.
  3874 | D:5      | Reached skill level 8 in Polearms
  4073 | D:5      | Gained mutation: You rapidly evolve. [evolution]
  4171 | D:5      | Gained mutation: You are surrounded by a strong repulsion
                  | field. (EV +4, RMsl) [demonic ancestry]
  4171 | D:5      | Reached XP level 8. HP: 44/58 MP: 8/8
  4862 | D:6      | Slain by an orc warrior

Illustrated notes

Levels and vault maps discovered:
D:1:      dpeg_arrival_arbitrary_a, layout_rooms, grunt_decor_resistance,
          minmay_small_reverse_x
D:2:      layout_basic, elyvilon_altar_1
D:3:      layout_loops_cross, ebering_ghost_sewer_d
D:4:      layout_loops_ring, kennysheep_mini, nicolae_overflow_crystal_walls,
          lemuel_doored_altar, minmay_misc_feat_chi, vehumet_altar_wand_db,
          uniq_purgy, uniq_eustachio
D:5:      layout_cave_pools, grunt_dithmenos_smoke, kennysheep_little_box,
          serial_park, serial_park_square1 [serial_park_minivault_5x5_3],
          serial_park_tiny_2
D:6:      layout_rooms, minmay_temple_entry_glass, serial_shops, shop,
          doesnt_xom_only_xom

Skill      XL: |  1  2  3  4  5  6  7 |
---------------+----------------------+-----
Polearms       | 1 2 3 4 5 6 8 |  8.7
Fighting       | |  3.0
Staves         | |  0.2
Dodging        | |  1.7
Stealth        | |  4.5
Unarmed Combat | |  1.7

Action                   |  1- 3 |  4- 6 |  7- 9 || total
-------------------------+-------+-------+-------++-------
Melee: Trident           |   104 |   148 |    99 ||   351
       Punch             |     1 |       |     1 ||     2
       Headbutt          |       |     9 |    12 ||    21
Throw: Dart              |       |     9 |     5 ||    14
  Use: Potion            |       |     4 |     1 ||     5
 Stab: Sleeping          |     8 |     6 |       ||    14
Armor: Leather armour    |     3 |       |       ||     3
       Scale mail        |    13 |    75 |    39 ||   127
       Ring mail         |     2 |       |       ||     2
       Skin              |       |    14 |       ||    14
Dodge: Dodged            |    42 |    98 |    44 ||   184

Table legend: (Time is in decaauts)
 A = Elapsed time spent in this place.
 B = Non-inter-level travel time spent in this place.
 C = Inter-level travel time spent in this place.
 D = Time resting spent in this place.
 E = Time spent auto-exploring this place.
 F = Levels seen in this place.
 G = Mean time per level.
                   A        B        C        D        E       F      G
               +--------+--------+--------+--------+--------+-----+--------+
         Total |   4888 |   4664 |    224 |    421 |   3380 |   6 |  814.7 |
       Dungeon |   4888 |   4664 |    224 |    421 |   3380 |   6 |  814.7 |
               +--------+--------+--------+--------+--------+-----+--------+

Top non-repeatable levels by time:
     D:4: 1268 daAuts
     D:3: 1207 daAuts
     D:1: 826 daAuts
     D:2: 781 daAuts
     D:5: 708 daAuts
     D:6: 96 daAuts
